 Dungeon Crawl Stone Soup version 0.18.1-48-g4cf74bf (webtiles) character file.

162 alupo the Skirmisher (level 5, 0/42 HPs)
             Began as a Human Berserker on July 3, 2016.
             Was a Believer of Trog.
             Slain by a worker ant (3 damage)
             ... on level 3 of the Dungeon on July 7, 2016.
             The game lasted 00:30:47 (4076 turns).

alupo the Skirmisher (Human Berserker)              Turns: 4076, Time: 00:30:47

Health: 0/42       AC:  6    Str: 18    XL:     5   Next: 71%
Magic:  5/5        EV: 12    Int:  8    God:    Trog [**....]
Gold:   120        SH:  0    Dex: 12    Spells: 0 memorised, 4 levels left

rFire  . . .     SeeInvis .     m - +0 hand axe
rCold  . . .     Gourm    .     d - +0 ring mail
rNeg   . . .     Faith    .     (no shield)
rPois  .         Spirit   .     n - +0 helmet
rElec  .         Dismiss  .     (no cloak)
rCorr  .         Reflect  .     (no gloves)
SustAt .         Harm     .     (no boots)
MR     ++...                    (no amulet)
Stlth  ..........               (no ring)
                                g - ring of loudness (curse)

@: lethally poisoned (0 -> -2), regenerating, very resistant to hostile
enchantments, extremely unstealthy
A: no striking features
a: Berserk, Trog's Hand, Burn Spellbooks, Renounce Religion


You were on level 3 of the Dungeon.
You worshipped Trog.
Trog was pleased with you.
You were not hungry.

You visited 1 branch of the dungeon, and saw 4 of its levels.

You collected 120 gold pieces.

Inventory:

Hand Weapons
 a - a +0 mace
 e - a +2 dagger of freezing
 m - a +0 hand axe (weapon)
Armour
 b - a +0 animal skin
 d - a +0 ring mail (worn)
 l - a +0 naga barding
 n - a +0 helmet (worn)
Jewellery
 g - a cursed ring of loudness (left hand)
 i - an uncursed ring of poison resistance {unknown}
 k - an uncursed ring of magical power
 q - an uncursed ring of flight {unknown}
Scrolls
 c - 2 scrolls of identify
 f - a scroll of remove curse
 o - 2 scrolls of teleportation
Comestibles
 h - 3 beef jerkies
 j - a slice of pizza


   Skills:
 + Level 4.1 Fighting
 + Level 1.4(2.6) Axes
 + Level 3.5(3.6) Maces & Flails
 + Level 2.4 Armour
 + Level 3.5 Dodging


You had 4 spell levels left.
You didn't know any spells.

Dungeon Overview and Level Annotations

Branches:
Dungeon (4/15)
 Temple: D:4-7

Altars:


Message History

* * * LOW HITPOINT WARNING * * *
You feel sick. The worker ant barely misses you.
* * * LOW HITPOINT WARNING * * *
You feel sick.
Your skin crawls.
You feel resistant to hostile enchantments.
You feel slightly more hungry.
You feel sick. The worker ant bites you.
* * * LOW HITPOINT WARNING * * *
You are more poisoned.
The worker ant poisons you!
You barely miss the worker ant.
The worker ant is severely wounded.
You feel very sick. The worker ant bites you.
* * * LOW HITPOINT WARNING * * *
The worker ant barely misses you.
You hit the worker ant.
The worker ant is almost dead.
You feel sick. The worker ant bites you.
You die...

#........##...........#...
#........##...†.......#.#.
#....(....#.#†........#<##
#.........#.#.............
#.###'##....#...........##
#.....##..###.##.........#
########..###.##.######.##
.............#... ..##
#########@a######## ####
######...............# #.
#......######.##...#.#
#.### #.###..####
#<####.#.######.)..
#.#.#.....#
#....#.#.#....##...
#.#.#.###.#
####.#.#......##.#.
#...#...#.#
#...###.#†>...#.
#######.#.#
###.....#..####. #...#
#...#.#..# #.


You could see a worker ant.

Vanquished Creatures
  Terence (D:3)
  6 adders
  An ooze (D:4)
  2 worms
  2 dart slugs
  2 giant geckos
  3 orcs (D:3)
  2 giant cockroaches (D:2)
  10 goblins
  2 hobgoblins
  4 jackals (D:2)
  8 kobolds
  3 quokkas
  3 ball pythons
  4 bats
  4 giant newts
  12 rats
69 creatures vanquished.

Notes
Turn   | Place    | Note
--------------------------------------------------------------
     0 | D:1      | alupo the Human Berserker began the quest for the Orb.
     0 | D:1      | Reached XP level 1. HP: 18/18 MP: 1/1
   171 | D:1      | Reached XP level 2. HP: 17/24 MP: 2/2
   795 | D:1      | Reached XP level 3. HP: 27/29 MP: 3/3
  1191 | D:2      | Reached ** piety under Trog
  1750 | D:2      | Reached XP level 4. HP: 15/35 MP: 4/4
  3228 | D:3      | Noticed Terence
  3247 | D:3      | Killed Terence
  3247 | D:3      | Reached XP level 5. HP: 39/42 MP: 5/5
  3342 | D:3      | Reached skill level 4 in Fighting
  3427 | D:3      | Reached skill level 1 in Axes
  4076 | D:3      | Slain by a worker ant

Skill      XL: |  1  2  3  4  5 |
---------------+----------------+-----
Dodging        | 3 |  3.5
Fighting       | 4 |  4.1
Axes           | 1 |  1.4
Maces & Flails | |  3.5
Armour         | |  2.4

Action                   |  1- 3 |  4- 6 || total
-------------------------+-------+-------++-------
Melee: Mace              |    25 |       ||    25
       Dagger            |    20 |       ||    20
       Hand axe          |    57 |   182 ||   239
Invok: Berserk           |     1 |     3 ||     4
       Trog's Hand       |     1 |     2 ||     3
  Use: Scroll            |     5 |     4 ||     9
       Potion            |     2 |     3 ||     5
  Eat: Bread ration      |     1 |     1 ||     2
       Meat ration       |       |     1 ||     1
       Royal jelly       |       |     1 ||     1
Armor: Animal skin       |    25 |     4 ||    29
       Ring mail         |       |    35 ||    35
Dodge: Dodged            |    94 |   134 ||   228
